Selects Luftwaffe Battlegroup
Selects Luftwaffe Pioneer Support
Fallschirmpioneer Squad Paradrop
Construct Infanterie Kompanie
Fallschirmpioneer Squad Paradrop
Construct Luftwaffe Kompanie
Selects Stuka Strafing Run
Selects Fallschirmjäger Squad Paradrop
Selects Fallschirmjäger Squad Paradrop
Fallschirmjäger Squad Paradrop
Fallschirmpioneer Squad Paradrop
Selects Flak 38 Anti-Air Emplacement
Marder III M Tank Destroyer
Selects Flak 36 Anti-tank Gun Emplacement
Fallschirmjäger Squad Paradrop